 Dungeon Sprint DCSS version 0.26-a0-652-gafc20e3620 (webtiles) character file.

Game seed: 2680597002742473983

5400000 reriks the Intangible (level 25, -6/304 HPs)
             Began as a Troll Monk on Oct 3, 2020.
             Was the Champion of Makhleb.
             Killed by the air
             ... invoked by a tyrant
              (41 damage)
             ... in the Dungeon (Sprint VIII: "Arena of Blood").
             The game lasted 00:02:59 (54 turns).

reriks the Intangible (Troll Monk)                    Turns: 54, Time: 00:02:59

Health: -6/304     AC:  8    Str: 34    XL:     25   Next: 73%
Magic:  24/53      EV: 25    Int:  6    God:    Makhleb [******]
Gold:   0          SH:  0    Dex: 12    Spells: 78/78 levels left

rFire    . . .     SeeInvis .   i - +∞ Axe of Woe
rCold    . . .     Faith    .   (shield currently unavailable)
rNeg     . . .     Spirit   .   b - +0 robe
rPois    .         Reflect  .   (helmet restricted)
rElec    .         Harm     .   (no cloak)
rCorr    .         Rampage  .   (gloves unavailable)
MR       +....     NoTele   +   (boots unavailable)
Stlth    +++++++++.             (no amulet)
HPRegen  1.00/turn              j - +30 ring of slaying
MPRegen  0.33/turn              k - +200 ring of slaying

@: no status effects
A: large, unfitting armour, claws 3, regeneration 1, shaggy fur 1, tough skin 3
a: Minor Destruction, Lesser Servant of Makhleb, Major Destruction, Greater
Servant of Makhleb, Renounce Religion


You were in the Dungeon.
You worshipped Makhleb.
Makhleb was exalted by your worship.
You visited 1 branch

Inventory:

Hand Weapons
 a - a +0 hand axe
 i - the +∞ Axe of Woe (weapon)
   (You found it in the Dungeon)
Armour
 b - a +0 robe (worn)
Jewellery
 j - a +30 ring of slaying (left claw)
 k - a +200 ring of slaying (right claw)
Scrolls
 h - a scroll of blinking
Potions
 c - a potion of curing
 d - a potion of heal wounds
 e - a potion of haste
 f - 2 potions of magic
 g - a potion of berserk rage


   Skills:
 O Level 27 Fighting
 O Level 27 Axes
 O Level 27 Throwing
 O Level 27 Armour
 O Level 27 Dodging
 O Level 27 Stealth
 O Level 27 Unarmed Combat
 O Level 27 Spellcasting
 O Level 27 Invocations


You had 78 spell levels left.
You didn't know any spells.
Your spell library was empty.

Dungeon Overview and Level Annotations

Branches:
Dungeon (1/1)

Altars:
Makhleb


Innate Abilities, Weirdness & Mutations

You are too large for most types of armour.
You have claws for hands.
Your natural rate of healing is unusually fast.
You are covered in fur. (AC +1)
You have extremely tough skin. (AC +3)


Message History

The bag of meat dies!
A meat berserker comes into view. It is wielding a +9 battleaxe.
You hear a shout! x3
The destroyer is engulfed in blazing flames.
The destroyer blinks!
The accursed gestures at you while chanting.
Something smites you!
* * * LOW HITPOINT WARNING * * *
The eight-headed meat hydra calls on the powers of darkness!
The eight-headed meat hydra convulses!
The bag of meat convulses!
The large bag of meat convulses!
Flame seeps out of the large bag of meat.
The bag of meat convulses! x4; Your body is wracked with pain!
* * * LOW HITPOINT WARNING * * *
The bag of meat convulses!
The eight-headed meat hydra convulses!
A bag of meat comes into view. It is wielding a +9 war axe.
You hear a shout! x2
The tyrant waves its bony arms in wide circles.
The air twists around and strikes you!!!
You die...

...#..........#
...#....V..§...
##...#..............
....Mo#.............
o.O...°.LozD........
#.....oO°.o.........
.#.....°oo#.......#
oo..#..o°@#.......#
#...§.D###o).....###.
..........Oo)###......
.....#.....))o_.......
...#.......#.....#....
#..........#_.<._# .
...#.......#.....#
....#........_.....
............###......


You could see an accursed, a tyrant (fast), 2 eight-headed meat hydras, a
destroyer, a sculptor of flesh, a large bag of meat (inner flame), a meat
berserker (berserk) and 7 bags of meat.

Vanquished Creatures
  5 vampire knights (D)
  14 ogres (D)
  3 two-headed ogres (D)
  27 orcs (D)
  3 large abominations (D)
52 creatures vanquished.

Vanquished Creatures (others)
  An orc (D)
1 creature vanquished.

Grand Total: 53 creatures vanquished

Notes
Turn   | Place    | Note
-------+----------+-------------------------------------------
     0 | D        | Found the +∞ Axe of Woe
     0 | D        | reriks the Troll Monk began the quest for the Orb.
     0 | D        | Reached XP level 1. HP: 22/22 MP: 0/0
     3 | D        | Noticed a meat berserker
     3 | D        | Noticed a meat berserker
     4 | D        | Became a worshipper of Makhleb the Destroyer
     4 | D        | Reached * piety under Makhleb
     4 | D        | Reached ** piety under Makhleb
     4 | D        | Noticed a bag of meat
     5 | D        | Noticed a bag of meat
     6 | D        | Killed a meat berserker
     6 | D        | Reached XP level 2. HP: 55/55 MP: 1/1
     6 | D        | Reached XP level 3. HP: 63/63 MP: 2/2
     6 | D        | Reached XP level 4. HP: 72/72 MP: 3/3
     6 | D        | Reached XP level 5. HP: 80/80 MP: 4/4
     6 | D        | Reached XP level 6. HP: 89/89 MP: 5/5
     6 | D        | Reached XP level 7. HP: 97/97 MP: 6/6
     6 | D        | Reached XP level 8. HP: 106/106 MP: 7/7
     6 | D        | Reached XP level 9. HP: 114/114 MP: 8/8
     6 | D        | Reached XP level 10. HP: 123/123 MP: 9/9
     6 | D        | Reached XP level 11. HP: 131/131 MP: 10/10
     6 | D        | Reached XP level 12. HP: 140/140 MP: 11/11
     6 | D        | Reached XP level 13. HP: 148/148 MP: 12/12
     7 | D        | Noticed a bag of meat
     7 | D        | Noticed a bag of meat
     7 | D        | Noticed a bag of meat
     7 | D        | Noticed a meat berserker
     7 | D        | Noticed a bag of meat
     7 | D        | Noticed a meat berserker
     7 | D        | Noticed a bag of meat
     8 | D        | Killed a meat berserker
     8 | D        | Reached XP level 14. HP: 163/163 MP: 13/13
     8 | D        | Noticed a bag of meat
     9 | D        | Killed a bag of meat
     9 | D        | Reached *** piety under Makhleb
     9 | D        | Killed a bag of meat
     9 | D        | Reached XP level 15. HP: 178/178 MP: 14/14
    12 | D        | Killed a meat berserker
    12 | D        | Reached skill level 15 in Stealth
    12 | D        | Reached XP level 16. HP: 195/195 MP: 15/15
    13 | D        | Noticed a meat berserker
    13 | D        | Killed a meat berserker
    13 | D        | Reached **** piety under Makhleb
    13 | D        | Reached XP level 17. HP: 209/209 MP: 16/16
    15 | D        | Reached ***** piety under Makhleb
    18 | D        | Noticed a destroyer
    18 | D        | Noticed a meat berserker
    19 | D        | Noticed a destroyer
    21 | D        | Killed a destroyer
    21 | D        | Reached XP level 18. HP: 141/230 MP: 17/17
    22 | D        | Noticed a meat berserker
    22 | D        | Killed a meat berserker
    22 | D        | Reached XP level 19. HP: 244/244 MP: 18/18
    22 | D        | Noticed a meat berserker
    23 | D        | Noticed a large bag of meat
    24 | D        | Noticed a large bag of meat
    24 | D        | Reached skill level 27 in Fighting
    24 | D        | Reached skill level 27 in Axes
    24 | D        | Reached skill level 27 in Dodging
    24 | D        | Reached ****** piety under Makhleb
    27 | D        | Noticed a large bag of meat
    28 | D        | Reached XP level 20. HP: 256/256 MP: 18/28
    29 | D        | Killed a meat berserker
    30 | D        | Killed a meat berserker
    30 | D        | Reached skill level 27 in Invocations
    30 | D        | Killed a large bag of meat
    30 | D        | Reached skill level 10 in Unarmed Combat
    30 | D        | Reached XP level 21. HP: 265/265 MP: 18/37
    31 | D        | Reached skill level 10 in Armour
    31 | D        | Reached skill level 10 in Spellcasting
    32 | D        | Reached skill level 15 in Unarmed Combat
    32 | D        | Reached skill level 15 in Throwing
    32 | D        | Reached XP level 22. HP: 275/275 MP: 18/38
    32 | D        | Reached skill level 15 in Armour
    33 | D        | Killed a large bag of meat
    33 | D        | Reached skill level 27 in Stealth
    33 | D        | Noticed a destroyer
    35 | D        | Reached skill level 15 in Spellcasting
    36 | D        | Noticed a destroyer
    37 | D        | Reached XP level 23. HP: 245/284 MP: 19/42
    37 | D        | Killed a large bag of meat
    39 | D        | Noticed a destroyer
    40 | D        | Killed a destroyer
    40 | D        | Noticed a destroyer
    41 | D        | Reached skill level 27 in Unarmed Combat
    41 | D        | Reached XP level 24. HP: 295/295 MP: 20/46
    43 | D        | Killed a destroyer
    43 | D        | Reached skill level 27 in Throwing
    44 | D        | Reached skill level 27 in Armour
    44 | D        | Noticed a large bag of meat
    45 | D        | Killed a destroyer
    45 | D        | Reached skill level 27 in Spellcasting
    45 | D        | Reached XP level 25. HP: 304/304 MP: 21/53
    48 | D        | Noticed an accursed
    48 | D        | Killed a destroyer
    50 | D        | Noticed a tyrant
    51 | D        | HP: 10/304 [large abomination[a sculptor of flesh] (26)]
    54 | D        | Killed from afar by a tyrant

Illustrated notes

Levels and vault maps discovered:
D:        meatsprint

Skill      XL: |  1  2  3  4  5  6  7  8  9 10 11 12 13 14 15 16 17 18 19 20 21 22 23 24 |
---------------+-------------------------------------------------------------------------+-----
Fighting       | 14 16 18 20 22 25 26 27 | 27.0
Axes           | 14 16 18 20 22 25 26 27 | 27.0
Dodging        | 14 16 18 20 22 25 26 27 | 27.0
Stealth        | 11 13 14 16 18 20 21 25 26 27 | 27.0
Invocations    | 13 27 | 27.0
Throwing       | 9 15 21 26 27 | 27.0
Armour         | 9 14 20 24 27 | 27.0
Unarmed Combat | 10 16 23 27 | 27.0
Spellcasting   | 6 11 16 20 27 | 27.0

Action                   |  1- 3 |  4- 6 |  7- 9 | 10-12 | 13-15 | 16-18 | 19-21 | 22-24 | 25-27 || total
-------------------------+-------+-------+-------+-------+-------+-------+-------+-------+-------++-------
Melee: Executioner's axe |     1 |       |       |       |     3 |     4 |     6 |     9 |     6 ||    29
Invok: Greater Servant o |       |       |       |       |       |       |       |     3 |     2 ||     5
Dodge: Dodged            |     1 |       |       |       |       |       |     1 |       |       ||     2

Table legend: (Time is in decaauts)
 A = Elapsed time spent in this place.
 B = Non-inter-level travel time spent in this place.
 C = Inter-level travel time spent in this place.
 D = Time resting spent in this place.
 E = Time spent auto-exploring this place.
 F = Levels seen in this place.
 G = Mean time per level.
                   A        B        C        D        E       F      G
               +--------+--------+--------+--------+--------+-----+--------+
         Total |     46 |     46 |      0 |      0 |      0 |   1 |   46.0 |
       Dungeon |     46 |     46 |      0 |      0 |      0 |   1 |   46.0 |
               +--------+--------+--------+--------+--------+-----+--------+

Top non-repeatable levels by time:
       D: 46 daAuts
